 Dungeon Crawl Stone Soup version 0.25.0-11-g1f837a76a1 (console) character file.

Game seed: 18327954287948467190

18 bli the Ruffian (level 2, 0/23 HPs)
             Began as a Draconian Transmuter on June 28, 2020.
             Succumbed to an adder's poison
             ... on level 1 of the Dungeon.
             The game lasted 00:01:47 (823 turns).

bli the Ruffian (Draconian Transmuter)               Turns: 823, Time: 00:01:48

Health: 0/23       AC:  4    Str: 12    XL:     2   Next: 48%
Magic:  5/5        EV: 12    Int: 13    God:
Gold:   136        SH:  0    Dex: 11    Spells: 2/5 levels left

rFire    . . .     SeeInvis .   e - +4 mace
rCold    . . .     Gourm    .   (no shield)
rNeg     . . .     Faith    .   (armour unavailable)
rPois    .         Spirit   .   (helmet restricted)
rElec    .         Reflect  .   (no cloak)
rCorr    +         Harm     .   (no gloves)
MR       .....                  (no boots)
Stlth    +.........             (no amulet)
HPRegen  0.07/turn              d - ring of resist corrosion
MPRegen  0.09/turn              (no ring)

@: lethally poisoned (0 -> -19), appendage (expiring)
A: unfitting armour, horns 2, cold-blooded, AC +4
a: End Transformation


You were on level 1 of the Dungeon.
You were not hungry.
You had grown temporary horns.
You visited 1 branch of the dungeon, and saw 2 of its levels.

You collected 136 gold pieces.

Inventory:

Hand Weapons
 e - a +4 mace (weapon)
Missiles
 a - 12 arrows
 g - 15 poisoned darts (quivered)
Jewellery
 d - a ring of resist corrosion (left hand)
Scrolls
 b - a scroll of fog {unknown}
 f - a scroll of immolation {unknown}
 h - a scroll of identify {unknown}
Comestibles
 c - 3 rations


   Skills:
 + Level 1.1 Fighting
 + Level 1.8 Dodging
 * Level 3.8 Unarmed Combat
 - Level 2.0 Spellcasting
 - Level 2.0 Transmutations


You had 2 spell levels left.
You knew the following spells:

 Your Spells              Type           Power        Failure   Level  Hunger
a - Beastly Appendage     Tmut           #.....       11%         1    ##.....
b - Sticks to Snakes      Tmut           #.......     17%         2    ###....

Your spell library contained the following spells:

 Spells                   Type           Power        Failure   Level  Hunger
 Spider Form              Tmut/Pois      #.........   45%         3    ####...
 Ice Form                 Ice/Tmut       #.......     86%         4    #####..
 Blade Hands              Tmut           #.........   97%         5    ######.


Dungeon Overview and Level Annotations

Branches:
Dungeon (2/15)

Altars:


Innate Abilities, Weirdness & Mutations

Your plain brown scales are hard. (AC +4)
You cannot fit into any form of body armour.
You are cold-blooded and may be slowed by cold attacks.
You have a pair of horns on your head.


Message History

The leopard gecko barely misses you. The worm bites you!
You climb upwards.
There is a stone staircase leading down here.
The adder bites you.
You are poisoned.
The adder poisons you!
You feel sick. The adder bites you.
You are lethally poisoned!
The adder poisons you!
Your transformation is almost over.
You feel sick.
There is an open door here.
You barely miss the adder.
You feel sick. The adder bites you.
* * * LOW HITPOINT WARNING * * *
You are more poisoned.
The adder poisons you! The adder bites you.
* * * LOW HITPOINT WARNING * * *
You are more poisoned.
The adder poisons you!
You die...

..............##.#.#...........#
#############......#...........#
#..#.###...........#
#.....##...........#
#.....###.†...[...##
#.#...####.######.# #...l.....(#
#.# ##.######### #.# #wS# #.#
############'#############.#
##............@..........##.#
#............<...........)#.#
#.....#####.....#####.....#.#
#....##...##...##...##....#.#
#...##..8..##'##..8..##...#.#
#..##.................##..#.#
##.##...................##.#.#
#....#####################.#.#
#.##..# #.#.# #.###.# #.#.#


#PPPPP# #.#.# You could see a worm and an adder.

Vanquished Creatures
  An ooze (D:1)
  2 leopard geckos (D:1)
  A giant cockroach (D:1)
  2 goblins (D:1)
  3 kobolds (D:1)
  3 rats (D:1)
12 creatures vanquished.

Vanquished Creatures (others)
  5 toadstools (D:1)
5 creatures vanquished.

Grand Total: 17 creatures vanquished

Notes
Turn   | Place    | Note
-------+----------+-------------------------------------------
     0 | D:1      | bli the Draconian Transmuter began the quest for the Orb.
     0 | D:1      | Reached XP level 1. HP: 16/16 MP: 3/3
   161 | D:1      | Reached XP level 2. HP: 23/23 MP: 3/5
   669 | D:1      | Learned a level 2 spell: Sticks to Snakes
   822 | D:1      | HP: 1/23 [adder (2)]
   823 | D:1      | Succumbed to an adder's poison

Illustrated notes

Levels and vault maps discovered:
D:1:      giann_horns, layout_basic, minmay_misc_feat_columns,
          minmay_gold_behind_fungi, minivault_24
D:2:      layout_rooms, riverfiend_overflow_shadow_ancestor

Action                   || total
-------------------------++-------
Melee: Unarmed           ||    12
       Kick              ||     2
       Mace              ||    20
       Headbutt          ||     1
 Cast: Beastly Appendage ||     8
Armor: Skin              ||    10
Dodge: Dodged            ||    18
